 Dungeon Crawl Stone Soup version 0.30-a0-883-g5ad918d77d (webtiles) character file.

Game seed: 3031787893160693776

82 sircluck the Covered (level 4, -5/36 (40) HPs)
             Began as a Minotaur Fighter on Mar 16, 2023.
             Slain by Crazy Yiuf
             ... wielding a +2 quarterstaff of chaos
              (9 damage)
             ... on level 2 of the Dungeon.
             The game lasted 00:03:06 (1746 turns).

sircluck the Covered (Minotaur Fighter)             Turns: 1746, Time: 00:03:07

HP:   -5/36 (40)    AC:  7    Str: 23    XL:     4   Next: 21%
MP:   3/3           EV:  9    Int:  5    God:
Gold: 137           SH:  4    Dex:  9    Spells: 3/3 levels left

rFire   . . .      SeeInvis .    a - +0 war axe
rCold   . . .      Faith    .    c - +0 buckler
rNeg    . . .      Spirit   .    b - +0 scale mail
rPois   .          Reflect  .    (helmet restricted)
rElec   .          Rampage  .    (no cloak)
rCorr   .                        (no gloves)
Will    .....                    (no boots) Stlth
                                 (no amulet)
HPRegen 0.26/turn                (no ring)
MPRegen 0.08/turn                (no ring)

@: heavily drained
A: horns 2, retaliatory headbutt
a: no special abilities


You were on level 2 of the Dungeon.
You visited 1 branch of the dungeon, and saw 2 of its levels.

You collected 137 gold pieces.

Inventory:

Hand Weapons
 a - a +0 war axe (weapon)
Missiles
 f - 42 stones (quivered)
 g - 2 throwing nets
 j - 4 javelins
Armour
 b - a +0 scale mail (worn)
 c - a +0 buckler (worn)
 l - a +0 helmet
 m - a +0 ring mail
Jewellery
 q - a ring of protection from cold
Scrolls
 i - 2 scrolls of identify {unknown}
 o - 3 scrolls of fog {unknown}
 p - a scroll of noise {unknown}
Potions
 d - a potion of might
 e - 3 potions of brilliance {unknown}
 h - a potion of heal wounds {unknown}
 k - 2 potions of curing {unknown}
 n - 2 potions of flight {unknown}


   Skills:
 + Level 3.9 Fighting
 + Level 3.7 Axes
 + Level 4.8 Armour
 + Level 0.5 Dodging
 + Level 4.0 Shields


You had 3 spell levels left.
You didn't know any spells.
Your spell library contained the following spells:

 Spells                   Type           Power      Damage    Failure   Level
 Apportation              Tloc           0%         N/A       86%         1
 Beastly Appendage        Tmut           0%         N/A       86%         1
 Shock                    Conj/Air       0%         1d3       86%         1
 Summon Small Mammal      Summ           0%         N/A       86%         1
 Wereblood                Tmut           0%         N/A       95%         2
 Call Canine Familiar     Summ           0%         N/A       99%         3
 Hailstorm                Conj/Ice       0%         3d3       99%         3
 Spider Form              Tmut/Pois      0%         N/A       99%         3
 Summon Guardian Golem    Hex/Summ       0%         N/A       99%         3
 Swiftness                Air            0%         N/A       99%         3
 Ice Form                 Ice/Tmut       0%         N/A       100%        4
 Alistair's Intoxication  Tmut/Pois      0%         N/A       100%        5
 Simulacrum               Ice/Necr       0%         N/A       100%        6


Dungeon Overview and Level Annotations

Branches:
Dungeon (2/15)

Altars:

Annotations:
D:2 Crazy Yiuf


Innate Abilities, Weirdness & Mutations

You have a pair of horns on your head.
You reflexively headbutt those who attack you in melee.


Message History

You open the door.
Key pressed, stopping explore.
There is an open door here.
You open the door.
There is an open door here.
e - 3 cyan potions (gained 1)
There is a stone staircase leading up here.
You see here a +0 war axe.
Key pressed, stopping explore.
Could not explore, unopened runed door.
You open the door. You hit Crazy Yiuf.
Crazy Yiuf is lightly wounded.
Crazy Yiuf hits you with a +2 quarterstaff of chaos.
You feel drained.
Crazy Yiuf hits you with a +2 quarterstaff of chaos!
Crazy Yiuf draws strength from your wounds!
You barely miss Crazy Yiuf. Crazy Yiuf completely misses you.
You furiously retaliate!
You headbutt Crazy Yiuf, but do no damage.
You closely miss Crazy Yiuf.
Crazy Yiuf hits you with a +2 quarterstaff of chaos.
You feel drained.
You barely miss Crazy Yiuf.
Crazy Yiuf hits you with a +2 quarterstaff of chaos.
Crazy Yiuf burns you. You block Crazy Yiuf's attack.
You barely miss Crazy Yiuf. Crazy Yiuf closely misses you.
You closely miss Crazy Yiuf.
Crazy Yiuf hits you with a +2 quarterstaff of chaos.
You feel drained. You block Crazy Yiuf's attack.
You hit Crazy Yiuf.
Crazy Yiuf is lightly wounded.
Crazy Yiuf hits you with a +2 quarterstaff of chaos!
* * * LOW HITPOINT WARNING * * *
Crazy Yiuf burns you.
* * * LOW HITPOINT WARNING * * *
You barely miss Crazy Yiuf. Your headbutt misses Crazy Yiuf.
Crazy Yiuf is lightly wounded.
Crazy Yiuf hits you with a +2 quarterstaff of chaos!
You die...

##.................+...>#
#.#####
####.################..###.....#
#####......# #....#.....#
...........# ##### #....#.....#
#####.###### #)..# #....'.....#
####.......# #...# #....#.....#
.......###.# ... #..###)....#
######.###.# #g# #..........#
#.....# ♣@♣♣ #.....######
##########.# ♣♣.♣ #.....######
...........# ♣.♣♣ #.....#.....
..#######..# ♣♣.♣ ##....#.....
#.### ###..# ♣♣.♣♣ #....#.....
#...###....# ♣♣.P.♣ #....#.....
###......[.# ♣..PP♣ #....#.....
####.##.##.# ##..## ##....#.....
......#...#####....#
#...........


You could see Crazy Yiuf.

Vanquished Creatures
  Jessica (D:2)
  A worm (D:2)
  A dart slug (D:1)
  2 ball pythons (D:1)
  4 endoplasms
  A giant cockroach (D:2)
  9 goblins
  5 hobgoblins
  3 quokkas (D:1)
  8 bats
  3 frilled lizards
  3 kobolds
  5 rats (D:1)
46 creatures vanquished.

Vanquished Creatures (others)
  4 plants (D:1)
4 creatures vanquished.

Grand Total: 50 creatures vanquished

Notes
Turn   | Place    | Note
-------+----------+-------------------------------------------
     0 | D:1      | sircluck the Minotaur Fighter began the quest for the Orb.
     0 | D:1      | Reached XP level 1. HP: 19/19 MP: 0/0
   227 | D:1      | Reached XP level 2. HP: 27/27 MP: 1/1
   383 | D:1      | Got the Precepts of the Tempest
   414 | D:1      | Found a faded altar of an unknown god.
   595 | D:1      | Reached XP level 3. HP: 33/33 MP: 2/2
  1216 | D:2      | Noticed Jessica
  1218 | D:2      | Killed Jessica
  1219 | D:2      | Reached XP level 4. HP: 33/40 MP: 3/3
  1578 | D:2      | Found a runed translucent door.
  1579 | D:2      | Noticed Crazy Yiuf
  1746 | D:2      | Slain by Crazy Yiuf

Illustrated notes

Levels and vault maps discovered:
D:1:      denvon_arrival_planthouse, layout_loops_ring,
          hellmonk_ecumenical_altar_heavens_door, st_stairs_4,
          kennysheep_minor_cross, corexii_leaking_fountain
D:2:      layout_basic, uniq_crazy_yiuf_cottage, uniq_jessica

Skill      XL: |  1  2 |
---------------+-------+-----
Armour         | 4 |  4.8
Shields        | 4 |  4.0
Axes           | 3 |  3.7
Fighting       | |  3.9
Dodging        | |  0.5

Action                     |  1- 3 |  4- 6 || total
---------------------------+-------+-------++-------
  Melee: War axe           |    98 |    22 ||   120
         Headbutt          |    12 |     2 ||    14
 Armour: Scale mail        |    57 |     5 ||    62
  Dodge: Dodged            |    44 |     7 ||    51
  Block: Buckler           |    17 |     2 ||    19

Table legend: (Time is in decaauts)
 A = Elapsed time spent in this place.
 B = Non-inter-level travel time spent in this place.
 C = Inter-level travel time spent in this place.
 D = Time resting spent in this place.
 E = Time spent auto-exploring this place.
 F = Levels seen in this place.
 G = Mean time per level.
                   A        B        C        D        E       F      G
               +--------+--------+--------+--------+--------+-----+--------+
         Total |   1796 |   1749 |     47 |      0 |   1299 |   2 |  898.0 |
       Dungeon |   1796 |   1749 |     47 |      0 |   1299 |   2 |  898.0 |
               +--------+--------+--------+--------+--------+-----+--------+

Top non-repeatable levels by time:
     D:1: 1047 daAuts
     D:2: 749 daAuts
